 Dungeon Sprint DCSS version 0.31-a0-18-gea43df2a32 (webtiles) character file.

Game seed: 14900958822841680271

459 bmack86 the Fighter (level 6, -5/71 HPs)
             Began as a Minotaur Berserker on May 10, 2023.
             Was a Believer of Trog.
             Slain by a slime creature (18 damage)
             ... in the Dungeon (Sprint I: "Red Sonja").
             The game lasted 00:01:43 (227 turns).

bmack86 the Fighter (Minotaur Berserker)             Turns: 227, Time: 00:01:43

Health: -5/71      AC:  3    Str: 23    XL:     6   Next: 78%
Magic:  5/5        EV: 12    Int:  4    God:    Trog [**....]
Gold:   297        SH:  0    Dex: 10    Spells: 5/5 levels left

rFire   . . .        a - +0 hand axe
rCold   . . .        (no shield)
rNeg    . . .        k - +0 leather armour
rPois   .            (helmet restricted)
rElec   .            (no cloak)
rCorr   .            (no gloves)
SInv    .            (no boots)
Will    ++...        (no amulet)
Stlth   +            (no ring)
HPRegen 1.31/turn    (no ring)
MPRegen 0.09/turn

%: no teleportation
@: strong-willed, on berserk cooldown, regenerating, slowed, very slow
A: horns 2, retaliatory headbutt
a: Renounce Religion, Berserk, Trog's Hand


You were in the Dungeon.
You worshipped Trog.
Trog was pleased with you.
You visited 1 branch You collected 297 gold pieces.

Inventory:

Hand Weapons
 a - a +0 hand axe (weapon)
Armour
 b - a +0 animal skin
 k - a +0 leather armour (worn)
Wands
 i - a wand of polymorph (6)
Scrolls
 h - a scroll of blinking
 l - a scroll of identify {unknown}
Potions
 c - a potion of curing
 d - a potion of heal wounds
 e - a potion of haste
 f - 2 potions of magic
 g - a potion of berserk rage
 j - a potion of mutation {unknown}


   Skills:
 + Level 12.6 Fighting
 + Level 12.5 Axes
 - Level 3.2 Armour
 - Level 2.9 Dodging


You had 5 spell levels left.
You didn't know any spells.
Your spell library was empty.

Dungeon Overview and Level Annotations

Branches:
Dungeon (1/1)

Altars:
Cheibriados
Dithmenos
Elyvilon
Fedhas
Gozag
Hepliaklqana
Kikubaaqudgha
Makhleb
Nemelex Xobeh
Okawaru
Qazlal
Ru
Sif Muna
Trog
Uskayaw
Vehumet
Wu Jian
Xom
Yredelemnul
Zin
The Shining One
Jiyva
Lugonu

Shops:
D =


Innate Abilities, Weirdness & Mutations

You have a pair of horns on your head.
You reflexively headbutt those who attack you in melee.


Message History

Found an opulent altar of Gozag.
There is an open door, spattered with blood here.
Found a sparkling altar of Nemelex Xobeh.
You feel a strong urge to attack something.
You feel your anger nearly subside.
You are no longer berserk.
You are exhausted.
You feel yourself slow down.
There is an entrance to Puechih's Jewellery Emporium here.
There is an open door, spattered with blood here.
There is a shimmering blue altar of Sif Muna here.
You see here a +0 trident.
There is an open door here.
You open the door.
A slime creature comes into view.
Found four altars.
Your skin crawls.
You feel strong-willed. The slime creature barely misses you.
You hit the slime creature. You headbutt the slime creature!
The slime creature is moderately wounded.
The slime creature hits you!
You slash the slime creature! You headbutt the slime creature!
The slime creature is heavily wounded.
The slime creature hits you!!
You hit the slime creature.
The slime creature is severely wounded.
The slime creature misses you.
You slash the slime creature! You headbutt the slime creature!
The slime creature is almost dead.
The slime creature hits you!!
You hit the slime creature.
The slime creature is almost dead.
The slime creature hits you but does no damage.
The slime creature hits you!
* * * LOW HITPOINT WARNING * * *
You hit the slime creature but do no damage.
You headbutt the slime creature.
The slime creature is almost dead.
The slime creature hits you!!
You die...

################ ##
#<.#.))..#..'..#__#
#..'..#..').#.@J..+
#..#####'#####'#__#
#..####..#...#.# ##
#..#__####..##)#
#..#_____##'#_.+
#⌠⌠#_.∩...'..._#
####_..__##_.#'#
#_____###+#)#
####### ###


You could see a slime creature.

Vanquished Creatures
  Sigmund (D)
  A yak (D)
  An ogre (D)
  A jelly (D)
  Ijyb (D)
5 creatures vanquished.

Notes
Turn   | Place    | Note
-------+----------+-------------------------------------------
     0 | D        | bmack86 the Minotaur Berserker began the quest for the Orb.
     0 | D        | Reached XP level 1. HP: 19/19 MP: 0/0
     3 | D        | Noticed Ijyb
     9 | D        | Killed Ijyb
    10 | D        | Reached skill level 5 in Fighting
    10 | D        | Reached skill level 5 in Axes
    10 | D        | Reached XP level 2. HP: 20/29 MP: 1/1
    52 | D        | Noticed an ogre
    55 | D        | Killed an ogre
    56 | D        | Reached XP level 3. HP: 32/41 MP: 2/2
    56 | D        | Reached XP level 4. HP: 38/49 MP: 3/3
   129 | D        | Noticed Sigmund
   134 | D        | Killed Sigmund
   134 | D        | Reached ** piety under Trog
   135 | D        | Reached XP level 5. HP: 60/60 MP: 4/4
   135 | D        | Reached XP level 6. HP: 68/68 MP: 5/5
   163 | D        | Found an ornate altar of the Wu Jian Council.
   163 | D        | Found a shimmering blue altar of Sif Muna.
   165 | D        | Found a radiant altar of Vehumet.
   195 | D        | Found Puechih's Jewellery Emporium.
   195 | D        | Found an ancient bone altar of Kikubaaqudgha.
   195 | D        | Found a hazy altar of Hepliaklqana.
   195 | D        | Found a stormy altar of Qazlal.
   195 | D        | Found a hide-covered altar of Uskayaw.
   195 | D        | Found a blossoming altar of Fedhas.
   195 | D        | Found a bloodstained altar of Trog.
   195 | D        | Found an iron altar of Okawaru.
   195 | D        | Found a basalt altar of Yredelemnul.
   195 | D        | Found a glowing golden altar of the Shining One.
   195 | D        | Found a snail-covered altar of Cheibriados.
   195 | D        | Found a sacrificial altar of Ru.
   195 | D        | Found a glowing silver altar of Zin.
   195 | D        | Found a shadowy altar of Dithmenos.
   195 | D        | Found a white marble altar of Elyvilon.
   195 | D        | Noticed a yak
   201 | D        | Killed a yak
   202 | D        | Found an opulent altar of Gozag.
   203 | D        | Found a sparkling altar of Nemelex Xobeh.
   220 | D        | Found a burning altar of Makhleb.
   220 | D        | Found a viscous altar of Jiyva.
   220 | D        | Found a shimmering altar of Xom.
   220 | D        | Found a corrupted altar of Lugonu.
   220 | D        | Noticed a slime creature
   227 | D        | Slain by a slime creature

Illustrated notes

Levels and vault maps discovered:
D:        dungeon_sprint_1 [red_sonja_temple_1, red_sonja_temple_small_1]

Skill      XL: |  1  2  3  4  5  6 |
---------------+-------------------+-----
Fighting       | 5 8 11 12 | 12.6
Axes           | 5 8 11 12 | 12.5
Armour         | 3 |  3.2
Dodging        | |  2.9

Action                     |  1- 3 |  4- 6 || total
---------------------------+-------+-------++-------
  Melee: Hand axe          |     5 |    15 ||    20
         Headbutt          |     2 |     7 ||     9
 Invoke: Berserk           |     2 |     2 ||     4
         Trog's Hand       |       |     1 ||     1
 Armour: Leather armour    |       |     1 ||     1
  Dodge: Dodged            |     1 |     2 ||     3

Table legend: (Time is in decaauts)
 A = Elapsed time spent in this place.
 B = Non-inter-level travel time spent in this place.
 C = Inter-level travel time spent in this place.
 D = Time resting spent in this place.
 E = Time spent auto-exploring this place.
 F = Levels seen in this place.
 G = Mean time per level.
                   A        B        C        D        E       F      G
               +--------+--------+--------+--------+--------+-----+--------+
         Total |    265 |    265 |      0 |    103 |      0 |   1 |  265.0 |
       Dungeon |    265 |    265 |      0 |    103 |      0 |   1 |  265.0 |
               +--------+--------+--------+--------+--------+-----+--------+

Top non-repeatable levels by time:
       D: 265 daAuts
